NYP
BROOKLYN CYCLONES @ HILLSBORO HOPS
05/01/2044
 
TOP OF THE 1ST
Brooklyn Cyclones batting - Pitching for Hillsboro Hops : RHP Ted Koene
Pitching: RHP Ted Koene
Batting: RHB Tony Oria 0-0: Called Strike
0-1: Swinging Strike
0-2: Strikes out swinging
Batting: RHB Tony Infante 0-0: Ball
1-0: Ball
2-0: Called Strike
2-1: Ground out 4-3 (Groundball, 4, EV 88.8 MPH)
Batting: LHB Victor Ferrermena 0-0: Ball
1-0: Ball
2-0: Ball
3-0: Called Strike
3-1: Ground out 6-3 (Groundball, 6, EV 89.4 MPH)
Top of the 1st over - 0 runs, 0 hits, 0 errors, 0 left on base; Brooklyn 0 - Hillsboro 0
BOTTOM OF THE 1ST
Hillsboro Hops batting - Pitching for Brooklyn Cyclones : RHP David Koski
Pitching: RHP David Koski
Batting: RHB Yasuo Nakata 0-0: Ball
1-0: Foul Ball, location: 2F
1-1: Fly out, F8 (Flyball, 8LD, EV 93.8 MPH)
Batting: RHB Edgar Garcia 0-0: Swinging Strike
0-1: Ground out 4-3 (Groundball, 34, EV 87.5 MPH)
Batting: RHB Jeremy Coffey 0-0: Ball
1-0: Fly out, F9 (Flyball, 9LM, EV 95.0 MPH)
Bottom of the 1st over - 0 runs, 0 hits, 0 errors, 0 left on base; Brooklyn 0 - Hillsboro 0
TOP OF THE 2ND
Brooklyn Cyclones batting - Pitching for Hillsboro Hops : RHP Ted Koene
Batting: LHB Adam Barry 0-0: Ball
1-0: Ball
2-0: Called Strike
2-1: Called Strike
2-2: Ground out 4-3 (Groundball, 4, EV 85.0 MPH)
Batting: LHB Kodai Furuki 0-0: Swinging Strike
0-1: Called Strike
0-2: Foul Ball, location: 2F
0-2: Ball
1-2: Foul Ball, location: 2F
1-2: SINGLE (Line Drive, 5D, EV 98.8 MPH)
Batting: RHB Leo Roman 0-0: Ball
1-0: Ball
2-0: Foul Ball, location: 2F
2-1: Fly out, F8 (Line Drive, 8RM, EV 86.9 MPH)
Batting: RHB Mario Trujillo 0-0: Called Strike
0-1: Swinging Strike
0-2: DOUBLE (Line Drive, 9LD, EV 107.5 MPH)
Kodai Furuki to third
Runner from 3rd tries for Home, SAFE, no throw by RF
Batting: RHB Oscar Chairez 0-0: Ball
1-0: Foul Ball, location: 2F
1-1: Ground out 4-3 (Groundball, 4, EV 85.6 MPH)
Top of the 2nd over - 1 run, 2 hits, 0 errors, 1 left on base; Brooklyn 1 - Hillsboro 0
BOTTOM OF THE 2ND
Hillsboro Hops batting - Pitching for Brooklyn Cyclones : RHP David Koski
Batting: RHB Chris Bittner 0-0: Ball
1-0: SINGLE (Flyball, 56D, EV 94.4 MPH)
Batting: RHB Jeremy Adams 0-0: Ball
1-0: Called Strike
1-1: Called Strike
1-2: TRIPLE (Groundball, 5L, EV 107.5 MPH)
Chris Bittner scores
Batting: RHB Bryan Shuller 0-0: Called Strike
0-1: Foul Ball, location: 2F
0-2: Strikes out looking
Batting: RHB Brandon Joshua 0-0: Foul Ball, location: 2F
0-1: Called Strike
0-2: Strikes out swinging
Batting: SHB Mike Kiefer 0-0: Swinging Strike
0-1: Ball
1-1: Ball
2-1: Foul Ball, location: 2F
2-2: Ball
3-2: Strikes out swinging
Bottom of the 2nd over - 1 run, 2 hits, 0 errors, 1 left on base; Brooklyn 1 - Hillsboro 1
TOP OF THE 3RD
Brooklyn Cyclones batting - Pitching for Hillsboro Hops : RHP Ted Koene
Batting: RHB Louwe Starmans 0-0: Ball
1-0: Called Strike
1-1: SINGLE (Line Drive, 89M, EV 99.4 MPH)
Batting: RHB Tony Oria 0-0: Ball
1-0: Fielders Choice at 2nd, 3-6 (Groundball, 34S, EV 78.8 MPH)
Batting: RHB Tony Infante 0-0: Called Strike
0-1: Ball
1-1: Ball
Tony Oria is caught stealing 2nd base 2-4
2-1: Ball
3-1: Ground out 4-3 (Groundball, 4, EV 90.6 MPH)
Top of the 3rd over - 0 runs, 1 hit, 0 errors, 0 left on base; Brooklyn 1 - Hillsboro 1
BOTTOM OF THE 3RD
Hillsboro Hops batting - Pitching for Brooklyn Cyclones : RHP David Koski
Batting: RHB Trevor Corey 0-0: Foul Ball, location: 2F
0-1: Swinging Strike
0-2: Strikes out looking
Batting: RHB Yasuo Nakata 0-0: Ball
1-0: Fly out, F6 (Popup, 56D, EV 67.5 MPH)
Batting: RHB Edgar Garcia 0-0: Called Strike
0-1: Foul Ball, location: 2F
0-2: SOLO HOME RUN (Flyball, 7D, EV 100.6 MPH), Distance : 393 ft
Batting: RHB Jeremy Coffey 0-0: Called Strike
0-1: Fly out, F9 (Flyball, 9LM, EV 98.1 MPH)
Bottom of the 3rd over - 1 run, 1 hit, 0 errors, 0 left on base; Brooklyn 1 - Hillsboro 2
TOP OF THE 4TH
Brooklyn Cyclones batting - Pitching for Hillsboro Hops : RHP Ted Koene
Batting: LHB Victor Ferrermena 0-0: Swinging Strike
0-1: Called Strike
0-2: Ball
1-2: Ground out 4-3 (Groundball, 4S, EV 94.4 MPH)
Batting: LHB Adam Barry 0-0: Called Strike
0-1: Ball
1-1: Ground out 4-3 (Groundball, 4, EV 101.2 MPH)
Batting: LHB Kodai Furuki 0-0: SINGLE (Groundball, 4, EV 98.8 MPH)
Batting: RHB Leo Roman 0-0: Called Strike
0-1: Ball
1-1: Foul Ball, location: 2F
1-2: Strikes out swinging
Top of the 4th over - 0 runs, 1 hit, 0 errors, 1 left on base; Brooklyn 1 - Hillsboro 2
BOTTOM OF THE 4TH
Hillsboro Hops batting - Pitching for Brooklyn Cyclones : RHP David Koski
Batting: RHB Chris Bittner 0-0: SINGLE (Line Drive, 4D, EV 97.5 MPH)
Batting: RHB Jeremy Adams 0-0: Ball
Wild Pitch!
Chris Bittner to second
1-0: Foul Ball, location: 2F
1-1: Fly out, F4 (Popup, 23, EV 93.8 MPH)
Batting: RHB Bryan Shuller 0-0: Ball
1-0: Fly out, F7 (Line Drive, 7, EV 95.6 MPH)
Batting: RHB Brandon Joshua 0-0: Called Strike
0-1: Ball
1-1: Ball
2-1: Foul Ball, location: 2F
2-2: Strikes out swinging
Bottom of the 4th over - 0 runs, 1 hit, 0 errors, 1 left on base; Brooklyn 1 - Hillsboro 2
TOP OF THE 5TH
Brooklyn Cyclones batting - Pitching for Hillsboro Hops : RHP Ted Koene
Batting: RHB Mario Trujillo 0-0: Ball
1-0: Swinging Strike
1-1: Ball
2-1: Ball
3-1: Ground out 6-3 (Groundball, 56, EV 101.9 MPH)
Batting: RHB Oscar Chairez 0-0: Called Strike
0-1: Foul Ball, location: 2F
0-2: Ball
1-2: Foul Ball, location: 2F
1-2: Fly out, F7 (Flyball, 7, EV 79.4 MPH)
Batting: RHB Louwe Starmans 0-0: Foul Ball, location: 2F
0-1: Swinging Strike
0-2: Ball
1-2: Fly out, F7 (Line Drive, 7D, EV 105.0 MPH)
Top of the 5th over - 0 runs, 0 hits, 0 errors, 0 left on base; Brooklyn 1 - Hillsboro 2
BOTTOM OF THE 5TH
Hillsboro Hops batting - Pitching for Brooklyn Cyclones : RHP David Koski
Batting: SHB Mike Kiefer 0-0: Called Strike
0-1: Ball
1-1: Foul Ball, location: 2F
1-2: Foul Ball, location: 2F
1-2: SINGLE (Groundball, 4MD, EV 106.2 MPH)
Batting: RHB Trevor Corey 0-0: Ball
1-0: Ball
2-0: Called Strike
2-1: Grounds into double play, 4-6-3 (Groundball, 4, EV 85.6 MPH)
Batting: RHB Yasuo Nakata 0-0: Ball
1-0: Ball
2-0: Foul Ball, location: 2F
2-1: Called Strike
2-2: Foul Ball, location: 2F
2-2: Ground out U3 (Groundball, 34, EV 103.8 MPH)
Bottom of the 5th over - 0 runs, 1 hit, 0 errors, 0 left on base; Brooklyn 1 - Hillsboro 2
TOP OF THE 6TH
Brooklyn Cyclones batting - Pitching for Hillsboro Hops : RHP Ted Koene
Batting: RHB Tony Oria 0-0: Ball
1-0: Ground out 6-3 (Groundball, 6, EV 106.9 MPH)
Batting: RHB Tony Infante 0-0: Ball
1-0: SINGLE (Flyball, 8RS, EV 85.0 MPH)
Batting: LHB Victor Ferrermena 0-0: Called Strike
0-1: Foul Ball, location: 2F
0-2: Strikes out swinging
Batting: LHB Adam Barry 0-0: Called Strike
0-1: Ball
Wild Pitch!
Tony Infante to second
1-1: Ball
2-1: Fly out, F9 (Flyball, 89M, EV 73.8 MPH)
Top of the 6th over - 0 runs, 1 hit, 0 errors, 1 left on base; Brooklyn 1 - Hillsboro 2
BOTTOM OF THE 6TH
Hillsboro Hops batting - Pitching for Brooklyn Cyclones : RHP David Koski
Batting: RHB Edgar Garcia 0-0: Called Strike
0-1: Ball
1-1: Ground out U3 (Groundball, 13, EV 81.2 MPH)
Batting: RHB Jeremy Coffey 0-0: Ball
1-0: Ball
2-0: Called Strike
2-1: Ball
3-1: Called Strike
3-2: Foul Ball, location: 2F
3-2: Fly out, F9 (Line Drive, 9, EV 90.0 MPH)
Batting: RHB Chris Bittner 0-0: Called Strike
0-1: Fly out, F7 (Flyball, 7D, EV 100.0 MPH)
Bottom of the 6th over - 0 runs, 0 hits, 0 errors, 0 left on base; Brooklyn 1 - Hillsboro 2
TOP OF THE 7TH
Brooklyn Cyclones batting - Pitching for Hillsboro Hops : RHP Ted Koene
Batting: LHB Kodai Furuki 0-0: Called Strike
0-1: Called Strike
0-2: Ball
1-2: Ball
2-2: Ball
3-2: SINGLE (Groundball, 6MD, EV 101.2 MPH)
Batting: RHB Leo Roman 0-0: Bunt missed!
0-1: Bunted foul
0-2: SINGLE (Groundball, 56D, EV 98.8 MPH)
Kodai Furuki to second
Batting: RHB Mario Trujillo 0-0: Bunt missed!
0-1: Sac Bunt to 3S - play at first, batter safe!
Kodai Furuki to third
Leo Roman to second
Pinch Hitting: SHB Julio Ramos 0-0: Called Strike
0-1: Ball
1-1: Foul Ball, location: 2F
1-2: Strikes out swinging
Pitching: RHP Manuel Maldonado
Pinch Hitting: LHB Bill Fortin 0-0: Called Strike
0-1: Foul Ball, location: 2F
0-2: Ball
1-2: Ball
2-2: Ball
3-2: Foul Ball, location: 2F
3-2: Fly out, F9 (Flyball, 9S, EV 91.9 MPH)
Pinch Hitting: LHB Javy Cavazos 0-0: Ball
1-0: Swinging Strike
1-1: Ball
2-1: Ball
3-1: Ground out U3 (Groundball, 3, EV 83.8 MPH)
Top of the 7th over - 0 runs, 3 hits, 0 errors, 3 left on base; Brooklyn 1 - Hillsboro 2
BOTTOM OF THE 7TH
Hillsboro Hops batting - Pitching for Brooklyn Cyclones : RHP David Koski
Now at 3B: Rongo Olopoto
Now at SS: Hyeok Kim
Now in LF: Javy Cavazos
Now in CF: Mario Trujillo
Batting: RHB Jeremy Adams 0-0: Ball
1-0: Swinging Strike
1-1: Swinging Strike
1-2: Ball
2-2: Ball
3-2: Foul Ball, location: 2F
3-2: Fly out, F7 (Line Drive, 7, EV 101.9 MPH)
Pitching: RHP Robbie Beerbower
Batting: RHB Bryan Shuller 0-0: Swinging Strike
0-1: Swinging Strike
0-2: Ball
1-2: Ball
2-2: Strikes out looking
Batting: RHB Brandon Joshua 0-0: Called Strike
0-1: Ball
1-1: Ball
2-1: Ball
3-1: Base on Balls
Batting: SHB Mike Kiefer 0-0: Ball
Brandon Joshua steals 2nd base
1-0: Foul Ball, location: 2F
1-1: SINGLE (Groundball, 34S, EV 71.2 MPH) (infield hit)
Brandon Joshua to third
Batting: RHB Trevor Corey 0-0: Ball
Wild Pitch!
Brandon Joshua scores
Mike Kiefer to second
1-0: Called Strike
1-1: Called Strike
1-2: Ball
2-2: Foul Ball, location: 2F
2-2: Ball
3-2: Fly out, F8 (Flyball, 8LM, EV 92.5 MPH)
Bottom of the 7th over - 1 run, 1 hit, 0 errors, 1 left on base; Brooklyn 1 - Hillsboro 3
TOP OF THE 8TH
Brooklyn Cyclones batting - Pitching for Hillsboro Hops : RHP Manuel Maldonado
Batting: RHB Tony Infante 0-0: Called Strike
0-1: Foul Ball, location: 2F
0-2: Ball
1-2: Ground out 1-3 (Groundball, 13, EV 71.2 MPH)
Batting: LHB Victor Ferrermena 0-0: Ball
1-0: Ball
2-0: Foul Ball, location: 2F
2-1: Ground out 5-3 (Groundball, 6, EV 85.0 MPH)
Batting: LHB Adam Barry 0-0: Called Strike
0-1: Ground out 6-3 (Groundball, 6, EV 83.8 MPH)
Top of the 8th over - 0 runs, 0 hits, 0 errors, 0 left on base; Brooklyn 1 - Hillsboro 3
BOTTOM OF THE 8TH
Hillsboro Hops batting - Pitching for Brooklyn Cyclones : RHP Robbie Beerbower
Pitching: RHP Marvin Merino
Batting: RHB Yasuo Nakata 0-0: Ball
1-0: Called Strike
1-1: Ball
2-1: Called Strike
2-2: Foul Ball, location: 2F
2-2: Ball
3-2: Ground out U3 (Groundball, 34, EV 106.9 MPH)
Batting: RHB Edgar Garcia 0-0: Called Strike
0-1: Swinging Strike
0-2: Strikes out swinging
Batting: RHB Jeremy Coffey 0-0: Foul Ball, location: 2F
0-1: Foul Ball, location: 2F
0-2: Strikes out swinging
Bottom of the 8th over - 0 runs, 0 hits, 0 errors, 0 left on base; Brooklyn 1 - Hillsboro 3
TOP OF THE 9TH
Brooklyn Cyclones batting - Pitching for Hillsboro Hops : RHP Manuel Maldonado
Pitching: LHP Eric Dennis
Batting: LHB Kodai Furuki 0-0: Swinging Strike
0-1: Foul Ball, location: 2F
0-2: Foul Ball, location: 2F
0-2: Strikes out swinging
Batting: RHB Leo Roman 0-0: Called Strike
0-1: Ball
1-1: Ground out 6-3 (Groundball, 6, EV 81.2 MPH)
Batting: RHB Mario Trujillo 0-0: Ball
1-0: Ball
2-0: TRIPLE (Flyball, 9LD, EV 96.9 MPH)
Batting: RHB Rongo Olopoto 0-0: DOUBLE (Line Drive, 89D, EV 113.1 MPH)
Mario Trujillo scores
Batting: RHB Hyeok Kim 0-0: Ball
1-0: Ball
2-0: Fly out, F5 (Popup, 5SF, EV 69.4 MPH)
Top of the 9th over - 1 run, 2 hits, 0 errors, 1 left on base; Brooklyn 2 - Hillsboro 3
Thursday, March 31st , 2022 - OOTP Baseball 22.12 Build 89